 Dungeon Crawl Stone Soup version 0.30-a0-778-g2ef04af (webtiles) character file.

Game seed: 3716102368398086464

3132 malesh the Grappler (level 9, -2/71 HPs)
             Began as a Ghoul Gladiator on Feb 15, 2023.
             Was a Follower of Makhleb.
             Slain by Maggie
             ... wielding a +2 scimitar of flaming
              (5 damage)
             ... on level 7 of the Dungeon.
             The game lasted 00:15:56 (6609 turns).

malesh the Grappler (Ghoul Gladiator)               Turns: 6609, Time: 00:15:56

Health: -2/71      AC:  6    Str: 20    XL:     9   Next: 92%
Magic:  8/8        EV: 13    Int:  9    God:    Makhleb [*.....]
Gold:   399        SH:  4    Dex: 12    Spells: 8/8 levels left

rFire   . . .      SeeInvis .      - Unarmed
rCold   + . .      Faith    .    r - +0 buckler
rNeg    + + +      Spirit   .    a - +0 leather armour
rPois   ∞          Reflect  .    x - +2 hat
rElec   .          Harm     .    w - +0 cloak
rCorr   .          Rampage  .    (no gloves)
Will    .....                    (no boots)
Stlth   ++                       e - amulet of magic regeneration
HPRegen 0.00/turn                s - +6 ring of intelligence
MPRegen 0.51/turn                (no ring)

@: mesmerised, inhibited regen
A: claws 1, cold resistance 1, negative energy resistance 3, inhibited
regeneration, torment resistance 2, devour on kill
a: Renounce Religion


You were on level 7 of the Dungeon.
You worshipped Makhleb.
Makhleb was aware of your devotion.
You visited 2 branches of the dungeon, and saw 8 of its levels.

You collected 399 gold pieces.

Inventory:

Missiles
 d - a javelin (quivered)
 o - 3 curare-tipped darts
 u - 8 boomerangs
 z - 3 silver boomerangs
Armour
 a - a +0 leather armour (worn)
 b - a +0 helmet
 r - a +0 buckler (worn)
 w - a +0 cloak (worn)
 x - a +2 hat (worn)
Jewellery
 e - an amulet of magic regeneration (around neck)
 s - a +6 ring of intelligence (left claw)
Scrolls
 g - 2 scrolls of teleportation
 h - a scroll of immolation {unknown}
 j - a scroll of butterflies {unknown}
 k - 2 scrolls of poison {unknown}
 q - a scroll of magic mapping {unknown}
 t - 2 scrolls of fear {unknown}
 v - 3 scrolls of enchant weapon {unknown}
 y - a scroll of identify
Potions
 c - 2 potions of magic {unknown}
 f - a potion of cancellation
 i - 3 potions of might
 l - 2 potions of lignification {unknown}
 m - 4 potions of heal wounds {unknown}
 n - a potion of brilliance {unknown}
 p - 2 potions of attraction {unknown}
 A - a potion of ambrosia {unknown}
 B - a potion of mutation {unknown}


   Skills:
 + Level 3.9 Fighting
 + Level 2.4 Throwing
 + Level 4.1 Armour
 + Level 5.3 Dodging
 + Level 4.0 Stealth
 + Level 2.1 Shields
 + Level 11.4 Unarmed Combat


You had 8 spell levels left.
You didn't know any spells.
Your spell library contained the following spells:

 Spells                   Type           Power      Damage    Failure   Level
 Freeze                   Ice            0%         1d3       54%         1
 Frozen Ramparts          Ice            0%         1d1       88%         3
 Hailstorm                Conj/Ice       0%         3d3       88%         3
 Animate Dead             Necr           0%         N/A       99%         4
 Haunt                    Necr/Summ      0%         N/A       100%        7
 Summon Hydra             Summ           0%         N/A       100%        7
 Infestation              Necr           0%         N/A       100%        8
 Sublimation of Blood     Necr           Unusable   N/A       N/A         2
 Wereblood                Tmut           Unusable   N/A       N/A         2

Dungeon Overview and Level Annotations

Branches:
Dungeon (7/15)             Temple (1/1) D:6

Altars:
Ashenzari
Dithmenos
Fedhas
Gozag
Hepliaklqana
Makhleb
Nemelex Xobeh
Okawaru
Qazlal
Ru
Sif Muna
Trog
Uskayaw
Vehumet
Wu Jian
Xom
Yredelemnul

Annotations:
D:7 Maggie


Innate Abilities, Weirdness & Mutations

You are immune to poison.
You have sharp fingernails.
Your flesh is cold resistant. (rC+)
You are immune to negative energy. (rN+++)
You do not regenerate when monsters are visible.
You are immune to unholy pain and torment.
You thrive by killing the living.


Message History

Found an escape hatch in the floor.
Maggie the Vainglorious comes into view.
She is wielding a +2 scimitar of flaming.
The helpless Maggie fails to defend herself.
You claw Maggie!
Maggie is moderately wounded.
You scratch Maggie.
Maggie is moderately wounded.
Maggie misses you.
You scratch Maggie but do no damage.
Maggie is moderately wounded.
Maggie closely misses you.
You barely miss Maggie.
Maggie is moderately wounded.
Maggie hits you with a +2 scimitar of flaming!
Maggie burns you.
You claw Maggie!
Maggie is heavily wounded.
Maggie hits you with a +2 scimitar of flaming!
Maggie burns you!
You scratch Maggie.
Maggie is severely wounded.
You claw Maggie!
Maggie is severely wounded.
Maggie points at you and mumbles some strange words.
The bolt of fire hits you!!
* * * LOW HITPOINT WARNING * * *
You closely miss Maggie.
Maggie is severely wounded.
Maggie completely misses you.
You barely miss Maggie.
Maggie is severely wounded.
Maggie gestures wildly while chanting.
Maggie attempts to bespell you!
You are mesmerised by Maggie!
You scratch Maggie but do no damage.
Maggie is severely wounded.
Maggie hits you with a +2 scimitar of flaming!
* * * LOW HITPOINT WARNING * * *
Maggie burns you.
You die...

#.####.##.##.#
#............#
######.####### ######
#.# ..... ###.#
###... ..#.# .....
#.#.# ###.#@###.#.#
#.....@##.#.#
#.#.#..##.#.######..
.....................
.......###.....#####.
##.#..........## #.
#########.## . #.#
#># #+#


You could see Maggie (mesmerising).

Vanquished Creatures
  5 yaks (D:5)
  2 water moccasins (D:6)
  2 sky beasts
  A black bear (D:5)
  3 ice beasts
  2 centaurs (D:6)
  A phantom (D:4)
  2 bullfrogs (D:6)
  A necrophage (D:5)
  2 scorpions
  4 wights (D:7)
  6 killer bees (D:7)
  4 hounds
  A jelly (D:5)
  Crazy Yiuf (D:5)
  Jessica (D:2)
  5 iguanas
  Natasha (thrice) (D:2)
  3 gnolls (D:5)
  9 adders
  A shadow imp (D:7)
  2 white imps
  3 ufetubi
  A worm (D:3)
  3 dart slugs
  8 orcs
  9 bats
  7 endoplasms
  A giant cockroach (D:2)
  9 goblins
  6 hobgoblins
  9 jackals
  A quokka (D:4)
  5 ball pythons
  A frilled lizard (D:2)
  7 kobolds
  5 rats
136 creatures vanquished.

Notes
Turn   | Place    | Note
-------+----------+-------------------------------------------
     0 | D:1      | malesh the Ghoul Gladiator began the quest for the Orb.
     0 | D:1      | Reached XP level 1. HP: 17/17 MP: 0/0
    69 | D:1      | Reached XP level 2. HP: 22/24 MP: 1/1
   351 | D:1      | Reached XP level 3. HP: 29/29 MP: 2/2
   707 | D:2      | Reached skill level 4 in Unarmed Combat
   844 | D:2      | Noticed Natasha
   852 | D:2      | Killed Natasha
   853 | D:2      | Reached XP level 4. HP: 37/37 MP: 3/3
   880 | D:2      | Reached skill level 1 in Armour
   885 | D:2      | Noticed Jessica
   892 | D:2      | Killed Jessica
  1140 | D:2      | Found a faded altar of an unknown god.
  1292 | D:2      | Noticed Natasha
  1307 | D:2      | Killed Natasha
  1308 | D:2      | Reached skill level 5 in Unarmed Combat
  1308 | D:2      | Reached XP level 5. HP: 36/42 MP: 4/4
  1651 | D:2      | Noticed Natasha
  1657 | D:2      | Killed Natasha
  2196 | D:3      | Reached skill level 1 in Stealth
  2339 | D:4      | Reached XP level 6. HP: 41/50 MP: 5/5
  2457 | D:4      | Reached skill level 6 in Unarmed Combat
  2553 | D:4      | Found a shimmering altar of Xom.
  2881 | D:4      | Found a basalt altar of Yredelemnul.
  3084 | D:5      | Entered Level 5 of the Dungeon
  3097 | D:5      | Reached XP level 7. HP: 32/56 MP: 6/6
  3360 | D:5      | Noticed a yak
  3361 | D:5      | Noticed a yak
  3361 | D:5      | Noticed a yak
  3382 | D:5      | Killed a yak
  3383 | D:5      | Reached skill level 7 in Unarmed Combat
  3576 | D:5      | Noticed a yak
  3578 | D:5      | Noticed a yak
  3613 | D:5      | Killed a yak
  3868 | D:5      | Reached skill level 8 in Unarmed Combat
  3868 | D:5      | Reached XP level 8. HP: 59/62 MP: 7/7
  3955 | D:5      | Found a runed translucent door.
  3956 | D:5      | Noticed Crazy Yiuf
  4042 | D:5      | Killed a yak
  4047 | D:5      | Killed a yak
  4055 | D:5      | Killed a yak
  4056 | D:5      | Reached skill level 9 in Unarmed Combat
  4664 | D:5      | Killed Crazy Yiuf
  4892 | D:6      | Reached skill level 1 in Shields
  4892 | D:6      | Reached XP level 9. HP: 60/70 MP: 8/8
  4926 | D:6      | Found a staircase to the Ecumenical Temple.
  4943 | Temple   | Entered the Ecumenical Temple
  5113 | Temple   | Became a worshipper of Makhleb the Destroyer
  5295 | D:6      | Reached skill level 10 in Unarmed Combat
  5852 | D:7      | Reached skill level 5 in Dodging
  6040 | D:7      | Reached skill level 11 in Unarmed Combat
  6332 | D:7      | Reached * piety under Makhleb
  6424 | D:7      | Identified the +6 short sword of the Shouting Gods {elec,
                  | rC- Str+4 Int+8}
  6597 | D:7      | Noticed Maggie
  6609 | D:7      | HP: 3/71 [Maggie/+2 scimitar of flaming (13)]
  6609 | D:7      | Slain by Maggie

Illustrated notes

Levels and vault maps discovered:
D:1:      minmay_arrival_nine_rooms, layout_basic
D:2:      layout_loops_ring, ebering_ecumenical_altar_abandoned,
          kennysheep_crisscross, uniq_natasha, uniq_jessica
D:3:      layout_basic
D:4:      layout_cave_pools, kennysheep_ying_yang, brannock_xom_greatest_gift
D:5:      layout_loops_corners, solitary_fountain, kennysheep_nub,
          chequers_garden, uniq_crazy_yiuf_cottage
D:6:      minmay_angry_zag, layout_basic, minmay_temple_entry_stoned_glass
D:7:      layout_loops_corners, uniq_maggie
Temple:   bh_familiar_temple

Skill      XL: |  1  2  3  4  5  6  7  8  9 |
---------------+----------------------------+-----
Dodging        | 3 4 5 |  5.3
Unarmed Combat | 4 5 6 8 9 11 | 11.4
Armour         | 1 2 3 4 |  4.1
Stealth        | 1 2 3 4 |  4.0
Throwing       | 2 |  2.4
Fighting       | 3 |  3.9
Shields        | 1 2 |  2.1

Action                     |  1- 3 |  4- 6 |  7- 9 || total
---------------------------+-------+-------+-------++-------
  Melee: Unarmed           |   110 |   170 |   246 ||   526
         Punch             |     4 |     1 |       ||     5
  Throw: Throwing net      |       |       |     6 ||     6
    Use: Scroll            |       |     2 |     5 ||     7
         Potion            |       |       |     1 ||     1
   Stab: Sleeping          |       |     1 |     3 ||     4
 Armour: Leather armour    |    37 |    46 |    43 ||   126
  Dodge: Dodged            |    63 |    92 |   120 ||   275
  Block: Buckler           |       |     7 |    28 ||    35

Table legend: (Time is in decaauts)
 A = Elapsed time spent in this place.
 B = Non-inter-level travel time spent in this place.
 C = Inter-level travel time spent in this place.
 D = Time resting spent in this place.
 E = Time spent auto-exploring this place.
 F = Levels seen in this place.
 G = Mean time per level.
                   A        B        C        D        E       F      G
               +--------+--------+--------+--------+--------+-----+--------+
         Total |   6558 |   6314 |    244 |    677 |   4503 |   8 |  819.8 |
       Dungeon |   6374 |   6153 |    221 |    677 |   4349 |   7 |  910.6 |
        Temple |    183 |    160 |     23 |      0 |    154 |   1 |  183.0 |
               +--------+--------+--------+--------+--------+-----+--------+

Top non-repeatable levels by time:
     D:5: 1695 daAuts
     D:2: 986 daAuts
     D:6: 867 daAuts
     D:7: 730 daAuts
     D:4: 716 daAuts
     D:3: 698 daAuts
     D:1: 679 daAuts
  Temple: 183 daAuts
